Match 42192042
Unlisted

Match 42192042
End
Panzergrenadier Squad
Panzerpioneer Squad
250 Light Carrier
Panzergrenadier Squad
Construct Light Support Kompanie
2.5-tonne Medical Truck
Assault Mechanized Group
Panzerjäger Squad
Fire Support Elements
Flakvierling Half-track
Combat Half-tracks
Construct Panzerarmee Kommand
Panzer III L Medium Tank
Selects Armored Support Battlegroup
Selects Salvage Kits
Selects Panzer Storm
Selects Veteran Gunners
Panzer III L Medium Tank
Emergency Repair Kits
Rapid Advance
Selects Stuka Dive Bomb
Panzer III L Medium Tank
Vehicle Survival Package
Mo-J
Sad Grainy Clown
0
0

Comments sign in to comment!

No comments posted yet!